 Dungeon Crawl Stone Soup version 0.19.3 (webtiles) character file.

123 MovingMist the Skirmisher (level 4, -4/37 HPs)
             Began as a Demonspawn Fighter on Jan 23, 2017.
             Was an Initiate of Makhleb.
             Killed by nerve-wracking pain
             ... invoked by Grinder
              (9 damage)
             ... while paralysed by Grinder
             ... on level 3 of the Dungeon.
             The game lasted 00:05:03 (2163 turns).

MovingMist the Skirmisher (Demonspawn Fighter)      Turns: 2163, Time: 00:05:03

Health: -4/37      AC: 12    Str: 17    XL:     4   Next: 80%
Magic:  4/4        EV:  2    Int:  9    God:    Makhleb [......]
Gold:   60         SH:  0    Dex: 13    Spells: 0 memorised, 3 levels left

rFire  + . .     SeeInvis .     a - +0 war axe
rCold  . . .     Gourm    .     b - +0 scale mail
rNeg   . . .     Faith    .     c - +0 shield
rPois  .         Spirit   .     (no helmet)
rElec  .         Reflect  .     (no cloak)
rCorr  .         Harm     .     (no gloves)
MR     .....                    (no boots)
Stlth  ..........               (no amulet)
                                (no ring)
                                p - -4 ring of evasion (curse)

@: paralysed, sanguine armour
A: fire resistance 1, sanguine armour 1
a: Renounce Religion


You were on level 3 of the Dungeon.
You worshipped Makhleb.
Makhleb was noncommittal.
You were hungry.

You visited 1 branch of the dungeon, and saw 3 of its levels.

You collected 60 gold pieces.

Inventory:

Hand Weapons
 a - a +0 war axe (weapon)
Armour
 b - a +0 scale mail (worn)
 c - a +0 shield (worn)
Jewellery
 e - an uncursed ring of fire
 p - a cursed -4 ring of evasion (left hand)
 r - an uncursed ring of magical power {unknown}
Wands
 i - a wand of paralysis (2/24)
Scrolls
 m - a scroll of immolation {unknown}
 o - a scroll of fear
 t - a scroll of teleportation
Potions
 d - a potion of might
 h - a potion of agility {unknown}
 k - a potion of magic {unknown}
 l - 2 potions of brilliance {unknown}
 n - a potion of mutation {unknown}
 q - a potion of curing {unknown}
Comestibles
 f - 2 bread rations
 g - a meat ration
 j - a slice of pizza
 s - a chunk of flesh


   Skills:
 + Level 3.8 Fighting
 + Level 2.5 Axes
 - Level 2.6 Armour
 * Level 2.2 Dodging
 + Level 3.2 Shields


You had 3 spell levels left.
You didn't know any spells.

Dungeon Overview and Level Annotations

Branches:
Dungeon (3/15)

Altars:
Dithmenos
Makhleb

Annotations:
D:3 Grinder


Innate Abilities, Weirdness & Mutations

Your flesh is heat resistant. (rF+)
When seriously injured, your bleeding wounds create armour. (AC +6)


Message History

* * * LOW HITPOINT WARNING * * *
Grinder hits you.
* * * LOW HITPOINT WARNING * * *
You can move again.
Your shield and scale mail prevent you from hitting Grinder.
Grinder is moderately wounded.
Grinder gestures at you. You resist with significant effort. Grinder hits you.
* * * LOW HITPOINT WARNING * * *
You closely miss Grinder.
Grinder is moderately wounded.
Grinder gestures at you.
You suddenly lose the ability to move!
Grinder gestures at you.
You shrug off the repeated paralysis!
Grinder hits you but does no damage.
You are feeling hungry.
Grinder gestures at you. Pain shoots through your body!
You die...

# #.P≈≈≈≈≈≈≈≈≈..#
#.#...≈≈≈≈≈≈≈≈≈.#
......≈≈≈≈≈...)P##
# ....P.≈≈≈.P.....#
.#
#..P.≈≈...5...#?#.
#.PP...P..§...... #
####.##..###.<.
#.####..###5###.#
#......## ##@..#
#.#####.#####.(.###
#..........##.###
#.#####.##.##.
#.##.## #.##.#
#.##.## #.##..#
#.###.#


You could see Grinder.

Vanquished Creatures
  6 adders (D:2)
  A worm (D:2)
  4 dart slugs (D:2)
  2 ball pythons (D:2)
  8 bats
  2 giant cockroaches
  7 goblins
  5 hobgoblins
  4 jackals (D:1)
  A quokka (D:2)
  4 frilled lizards
  8 kobolds
  5 rats
57 creatures vanquished.

Notes
Turn   | Place    | Note
-------+----------+-------------------------------------------
     0 | D:1      | MovingMist the Demonspawn Fighter began the quest for the Orb.
     0 | D:1      | Reached XP level 1. HP: 18/18 MP: 1/1
   311 | D:1      | Gained mutation: Your flesh is heat resistant. (rF+) [demonic ancestry]
   311 | D:1      | Reached XP level 2. HP: 13/24 MP: 2/2
   468 | D:1      | Reached skill level 1 in Dodging
   947 | D:2      | Gained mutation: When seriously injured, your bleeding wounds create armour. (AC +6) [demonic ancestry]
   947 | D:2      | Reached XP level 3. HP: 24/29 MP: 3/3
  1297 | D:2      | Reached XP level 4. HP: 22/35 MP: 4/4
  2091 | D:3      | Found a shadowy altar of Dithmenos.
  2091 | D:3      | Found a burning altar of Makhleb.
  2097 | D:3      | Became a worshipper of Makhleb the Destroyer
  2142 | D:3      | Noticed Grinder
  2155 | D:3      | Paralysed by Grinder for 4 turns
  2160 | D:3      | Paralysed by Grinder for 5 turns
  2163 | D:3      | Killed from afar by Grinder

Skill      XL: |  1  2  3  4 |
---------------+-------------+-----
Axes           | 2 |  2.5
Dodging        | 1 2 |  2.2
Shields        | 3 |  3.2
Fighting       | |  3.8
Armour         | |  2.6

Action                   |  1- 3 |  4- 6 || total
-------------------------+-------+-------++-------
Melee: War axe           |   126 |    80 ||   206
  Use: Scroll            |       |     4 ||     4
  Eat: Chunk             |     2 |     2 ||     4
Armor: Scale mail        |    69 |    54 ||   123
Dodge: Dodged            |    28 |    11 ||    39
Block: Shield            |    57 |    35 ||    92
